 Dungeon Crawl Stone Soup version 0.32-a0-560-g4c7f4391e0 (webtiles) character file.

Game seed: 16400876670254377693

4951 ragingrage the Carver (level 10, 0/83 HPs)
             Began as a Grey Draconian Delver on Feb 29, 2024.
             Was a Believer of Wu Jian.
             Slain by an acid dragon (11 damage)
             ... on level 9 of the Dungeon.
             The game lasted 00:09:33 (8464 turns).

ragingrage the Carver (Grey Draconian Delver)       Turns: 8464, Time: 00:09:34

Health: 0/83       AC: 11    Str: 16    XL:     10   Next: 28%
Magic:  10/10      EV: 13    Int: 10    God:    Wu Jian [**....]
Gold:   139        SH:  6    Dex: 16    Spells: 9/9 levels left

rFire   . . .        a - +1 long sword (elec)
rCold   + . .        p - +1 buckler {rC+}
rNeg    . . .        (body armour unavailable)
rPois   .            (helmet restricted)
rElec   .            u - +0 cloak
rCorr   .            w - +0 pair of gloves
SInv    .            A - +0 pair of boots
Will    .....        (no amulet)
Stlth   +++          (no ring)
HPRegen 0.33/turn    (no ring)
MPRegen 0.12/turn

%: no passive effects
@: corroded, hasted, studying Long Blades, very quick
A: mud breath, mud-swimmer, AC +12, amphibious, unfitting armour, cold-blooded
a: Mud Breath, Renounce Religion, Wall Jump


You were on level 9 of the Dungeon.
You worshipped Wu Jian.
Wu Jian was pleased with you.
You visited 2 branches of the dungeon, and saw 10 of its levels.

You collected 310 gold pieces.
You spent 171 gold pieces at shops.

Inventory:

Hand Weapons
 a - a +1 long sword of electrocution (weapon)
 b - a +1 short sword of venom
 c - a +0 quick blade
 z - a +0 falchion
 N - a +2 dagger of draining
Missiles
 r - 10 poisoned darts (quivered)
 G - 4 throwing nets
 M - 4 datura-tipped darts
Armour
 p - a +1 buckler of cold resistance (worn)
 u - a +0 cloak (worn)
 w - a +0 pair of gloves (worn)
 A - a +0 pair of boots (worn)
Jewellery
 q - an amulet of magic regeneration
Wands
 f - a wand of digging (3)
 H - a wand of flame (20)
 J - a wand of roots (14)
 L - a wand of mindburst (31)
Scrolls
 d - 2 scrolls of fear
 g - 3 scrolls of vulnerability
 j - 2 scrolls of noise
 k - 3 scrolls of poison
 l - a scroll of teleportation
 n - a scroll of immolation
 o - a scroll of blinking {unknown}
 x - 2 scrolls of fog
 y - 3 scrolls of revelation
 C - 2 scrolls of enchant weapon {unknown}
 D - a scroll of brand weapon {unknown}
 E - a scroll of butterflies {unknown}
Potions
 h - a potion of curing
 i - 2 potions of degeneration {unknown}
 m - a potion of resistance {unknown}
 s - a potion of heal wounds {unknown}
 t - a potion of invisibility {unknown}
 v - 2 potions of berserk rage
 B - a potion of enlightenment {unknown}
 F - a potion of cancellation {unknown}
 I - a potion of attraction {unknown}
 K - a potion of lignification {unknown}


   Skills:
 + Level 6.2 Fighting
 - Level 7.1(11.1) Short Blades
 - Level 13.2(14.0) Long Blades
 + Level 4.6 Dodging
 - Level 5.0 Stealth
 - Level 4.0 Shields
 + Level 4.4 Evocations


You had 9 spell levels left.
You didn't know any spells.
Your spell library contained the following spells:

 Spells                   Type           Power      Damage    Failure   Level
 Magic Dart               Conj           0%         1d3       43%         1
 Blink                    Tloc           0%         N/A       58%         2
 Call Imp                 Summ           0%         N/A       58%         2
 Sublimation of Blood     Necr           0%         N/A       58%         2
 Dazzling Flash           Conj/Hex       0%         N/A       82%         3
 Tukima's Dance           Hex            0%         N/A       82%         3
 Volatile Blastmotes      Fire/Tloc      0%         2d10      82%         3
 Dimensional Bullseye     Hex/Tloc       0%         N/A       99%         4
 Iskenderun's Mystic Bla  Conj/Tloc      0%         2d3       99%         4
 Petrify                  Alch/Erth      0%         N/A       99%         4
 Summon Lightning Spire   Summ/Air       0%         N/A       99%         4
 Irradiate                Conj/Alch      0%         3d11      100%        5
 Lee's Rapid Deconstruct  Erth           0%         3d4*      100%        5
 Starburst                Conj/Fire      0%         6d3       100%        6
 Maxwell's Capacitive Co  Air            0%         ∞         100%        8
 Animate Armour           Summ/Erth      Unusable   N/A       N/A         4

Dungeon Overview and Level Annotations

Branches:
Dungeon (9/15)             Temple (1/1) D:4
   Lair: D:8-11         Orc: D:9-12

Altars:
Ashenzari
Cheibriados
Dithmenos
Elyvilon
Fedhas
Gozag
Hepliaklqana
Kikubaaqudgha
Makhleb
Nemelex Xobeh
Okawaru
Qazlal
Ru
Sif Muna
Uskayaw
Vehumet
Wu Jian
Xom
Yredelemnul
Zin
The Shining One

Shops:
D:3 =   D:6 (   D:7 *

Annotations:
D:2 exclusion: hobgoblin, Natasha
D:6 1 runed translucent door, Crazy Yiuf
D:7 3 runed translucent doors, exclusions: gnoll sergeant and hound, AutarchDCSS's ghost, novice CoAr; pokeman's ghost, novice DEHW
D:8 1 exclusion, Maggie


Innate Abilities, Weirdness & Mutations

You can breathe torrents of mud.
You are unimpeded by mud.
Your dull iron-grey scales are very hard. (AC +12)
You are amphibious.
You cannot fit into any form of body armour.
You are cold-blooded and may be slowed by cold attacks.


Message History

You hit the vampire mosquito but do no damage.
Lightning courses through the vampire mosquito!
The vampire mosquito barely misses you.
You slash the vampire mosquito!
You destroy the vampire mosquito!
The Council accepts your kill.
Aiming: Mud Breath
Press: ? - help, Shift-Dir - straight line, f - bullfrog
Aim: a bullfrog (88% to hit)
You spew a torrent of mud.
The ball of mud hits the bullfrog!!
You kill the bullfrog!
The Council accepts your kill.
The mud splashes down.
You hear an angry hiss.
You hit the acid dragon but do no damage.
The acid dragon closely misses you. The acid dragon misses you.
You barely miss the acid dragon. You hit the acid dragon.
Lightning courses through the acid dragon!!
The acid dragon bites you but does no damage.
The acid dragon claws you.
You barely miss the acid dragon.
You hit the acid dragon but do no damage.
The acid dragon spits acid at you. The splash of acid hits you!!
* * * LOW HITPOINT WARNING * * *
The acid corrodes you!
You hear a shout! x2
It was a potion of curing.
You feel better.
An orc wizard comes into view. It is wielding a +0 dagger.
A centaur comes into view.
A wyvern comes into view.
You barely miss the acid dragon. The acid dragon misses you.
The acid dragon barely misses you.
You completely miss the acid dragon.
The wyvern hisses angrily.
You hit the acid dragon. You closely miss the acid dragon.
You tail-slap the acid dragon, but do no damage.
The acid dragon bites you!
You die...

##.###########.
#..# ##.# #.#
#.# #.# ##.#
##..# ##@#.##
#D###.####.#
###)#.......#
#.~oW.........
#.##!#......##
#. #..........
#. #........##
#. #~..kc...#
#. #.........


You could see an acid dragon (catching breath).

Vanquished Creatures
  A centaur warrior (D:9)
  2 hornets (D:9)
  5 yaks (D:8)
  A vampire mosquito (D:9)
  3 steam dragons
  2 black bears
  2 ice beasts
  A sky beast (D:7)
  An orc warrior (D:8)
  2 centaurs
  2 phantoms
  3 bullfrogs
  A scorpion (D:4)
  2 gnoll sergeants (D:7)
  9 wights (D:8)
  2 bombardier beetles (D:6)
  7 hounds
  2 orc priests
  2 gnoll boudas
  3 iguanas
  3 sleepcaps
  3 hound zombies (D:4)
  4 hound skeletons (D:4)
  6 adders
  27 gnolls
  A white imp (D:6)
  An adder skeleton (D:4)
  8 dart slugs
  12 orcs
  2 bats
  10 endoplasms
  A giant cockroach (D:1)
  7 hobgoblins
  4 jackals
  9 kobolds
  3 quokkas
  5 ball pythons
  5 frilled lizards
  8 goblins
  4 rats
176 creatures vanquished.

Notes
Turn   | Place    | Note
-------+----------+-------------------------------------------
     0 | D:5      | ragingrage the Draconian Delver began the quest for the
                  | Orb.
     0 | D:5      | Reached XP level 1. HP: 19/19 MP: 1/1
    79 | D:3      | Found Jugev's Jewellery Shop.
   137 | D:1      | Reached skill level 3 in Long Blades
   143 | D:1      | Reached XP level 2. HP: 10/26 MP: 2/2
   333 | D:1      | Reached skill level 4 in Long Blades
   507 | D:1      | Reached XP level 3. HP: 27/31 MP: 3/3
  1235 | D:2      | Noticed Natasha
  1257 | D:2      | Reached skill level 5 in Long Blades
  1978 | D:3      | Reached skill level 1 in Shields
  1989 | D:3      | Reached XP level 4. HP: 38/38 MP: 4/4
  2210 | D:3      | Reached skill level 6 in Long Blades
  2800 | D:4      | Reached XP level 5. HP: 45/45 MP: 5/5
  2814 | D:4      | Reached skill level 1 in Short Blades
  2876 | D:4      | Noticed a black bear
  2892 | D:4      | Killed a black bear
  2893 | D:4      | Reached XP level 6. HP: 49/51 MP: 6/6
  3511 | D:4      | Your scales start taking on a dull iron-grey colour.
  3511 | D:4      | Reached XP level 7. HP: 33/57 MP: 7/7
  3740 | D:4      | Found a staircase to the Ecumenical Temple.
  3885 | D:5      | Reached skill level 5 in Short Blades
  4171 | Temple   | Entered the Ecumenical Temple
  4185 | Temple   | Became a worshipper of the Wu Jian Council
  4501 | D:6      | Found a runed translucent door.
  4502 | D:6      | Noticed Crazy Yiuf
  4829 | D:6      | Found Mypenaat's Weapon Boutique.
  4942 | D:6      | Reached XP level 8. HP: 58/63 MP: 8/8
  5312 | D:7      | Reached skill level 7 in Long Blades
  5414 | D:7      | Reached skill level 8 in Long Blades
  5485 | D:7      | Reached skill level 9 in Long Blades
  5553 | D:7      | Found Yhic's Assorted Antiques.
  5616 | D:7      | Bought an emerald potion for 26 gold pieces
  5616 | D:7      | Bought a scroll labelled BOETAMODWE for 29 gold pieces
  5616 | D:7      | Bought a tapered bronze wand for 116 gold pieces
  5734 | D:7      | Found an opulent altar of Gozag.
  5843 | D:7      | Reached * piety under Wu Jian
  5844 | D:7      | Reached skill level 5 in Stealth
  5851 | D:7      | Found a runed translucent gate.
  5851 | D:7      | Found a runed translucent gate.
  5855 | D:7      | Found a runed translucent gate.
  5862 | D:7      | Noticed pokeman's ghost (novice DEHW)
  5862 | D:7      | Noticed AutarchDCSS's ghost (novice CoAr)
  5903 | D:7      | Reached skill level 10 in Long Blades
  5972 | D:7      | Reached skill level 11 in Long Blades
  6413 | D:8      | Reached XP level 9. HP: 55/70 MP: 9/9
  6521 | D:8      | Reached skill level 12 in Long Blades
  6620 | D:8      | Noticed a red devil
  6620 | D:8      | Noticed a red devil
  6621 | D:8      | Noticed a red devil
  7116 | D:8      | Reached skill level 13 in Long Blades
  7126 | D:8      | Reached skill level 1 in Evocations
  7377 | D:8      | Noticed Maggie
  8111 | D:8      | Reached skill level 5 in Fighting
  8416 | D:9      | Reached XP level 10. HP: 70/81 MP: 10/10
  8422 | D:9      | Noticed a centaur warrior
  8442 | D:9      | Killed a centaur warrior
  8442 | D:9      | Reached ** piety under Wu Jian
  8464 | D:9      | Slain by an acid dragon

Illustrated notes

Levels and vault maps discovered:
D:1:      dpeg_cavernosity, layout_basic
D:2:      layout_loops_ring, kennysheep_generic_room_9, uniq_natasha
D:3:      layout_basic, serial_shops, nicolae_shop_tiny_glass, chequers_avenue,
          feat_on_display
D:4:      layout_loops_corners, temple_hall,
          mainiacjoe_ossuary_entry_find_the_door
D:5:      layout_loops_corners
D:6:      layout_loops_ring, serial_shops, nicolae_shop_bloodbath_and_beyond,
          grunt_tough_drop, uniq_crazy_yiuf_cottage
D:7:      layout_cave_pools, mainiacjoe_overflow_surrounded_room,
          serial_gnoll_camp, gnoll_camp_mini_shop, gnoll_camp_medium_02,
          gnoll_camp_mini_house, gnoll_camp_mini_sergeant,
          gammafunk_ghost_cemetery, chequers_serial_rivers_large_a
D:8:      layout_cave_pods, einodemon_armed_red_devil_minivault, uniq_maggie
D:9:      cheibrodos_fzero, layout_loops_cross, nicolae_overflow_hidden_temple
Temple:   nicolae_temple_bog_church

Skill      XL: |  1  2  3  4  5  6  7  8  9 10 |
---------------+-------------------------------+-----
Long Blades    | 3 4 5 6 11 13 | 13.2
Shields        | 1 2 3 4 |  4.0
Short Blades   | 2 4 7 |  7.1
Stealth        | 5 |  5.0
Dodging        | 3 4 |  4.6
Evocations     | 3 4 |  4.4
Fighting       | 5 6 |  6.2

Action                     |  1- 3 |  4- 6 |  7- 9 | 10-12 || total
---------------------------+-------+-------+-------+-------++-------
  Melee: Falchion          |   118 |     9 |       |       ||   127
         Tailslap          |    12 |    39 |   118 |     6 ||   175
         Dagger            |       |   164 |   328 |       ||   492
         Quick blade       |       |    51 |   172 |       ||   223
         Short sword       |       |     1 |   137 |       ||   138
         Long sword        |       |       |     6 |    32 ||    38
Ability: Lunge             |       |       |    26 |       ||    26
         Whirlwind         |       |       |     2 |       ||     2
         Mud Breath        |       |       |     2 |     1 ||     3
  Evoke: Wand              |       |       |     5 |       ||     5
    Use: Scroll            |       |       |     7 |       ||     7
         Potion            |       |       |       |     2 ||     2
   Stab: Sleeping          |    10 |     5 |     9 |       ||    24
         Distracted        |       |       |     2 |       ||     2
 Armour: Skin              |    69 |    98 |   195 |    23 ||   385
  Dodge: Dodged            |    64 |    72 |   157 |    13 ||   306
  Block: Buckler           |     5 |    32 |    95 |     5 ||   137

Table legend: (Time is in decaauts)
 A = Elapsed time spent in this place.
 B = Non-inter-level travel time spent in this place.
 C = Inter-level travel time spent in this place.
 D = Time resting spent in this place.
 E = Time spent auto-exploring this place.
 F = Levels seen in this place.
 G = Mean time per level.
                   A        B        C        D        E       F      G
               +--------+--------+--------+--------+--------+-----+--------+
         Total |   8219 |   7645 |    574 |    903 |   5174 |  10 |  821.9 |
       Dungeon |   8190 |   7644 |    546 |    903 |   5174 |   9 |  910.0 |
        Temple |     28 |      1 |     27 |      0 |      0 |   1 |   28.0 |
               +--------+--------+--------+--------+--------+-----+--------+

Top non-repeatable levels by time:
     D:8: 1849 daAuts
     D:4: 1158 daAuts
     D:7: 1069 daAuts
     D:2: 959 daAuts
     D:1: 937 daAuts
     D:6: 931 daAuts
     D:3: 806 daAuts
     D:5: 409 daAuts
     D:9: 70 daAuts
  Temple: 28 daAuts
